[Event "Early-Titled-Tuesday-Blitz-April-23-2024"]
[Site "Chess.com"]
[Date "2024.04.23"]
[Round "1"]
[White "aanshnerurkar"]
[Black "Witik"]
[Result "1/2-1/2"]
[WhiteElo "2461"]
[BlackElo "2763"]
[TimeControl "180+1"]
[EndTime "8:08:40 PDT"]
[Termination "Game drawn by repetition"]

1. e4 c6 2. d4 d5 3. e5 c5 4.
dxc5 e6 5. Be3 Nd7 6. Bb5 Nh6 7. f4 Qa5+ 8. Nc3 a6 9. Bxd7+ Bxd7 10. a3 Qc7 11. Nge2 Nf5 12. Bf2 Bxc5 13. Nd4 Qb6 14. Nce2 Bb5 15. b4 Bxd4 16. Nxd4 Nxd4 17. Bxd4 Qc6 18.
c3 O-O 19. Kf2 Ba4 20. Qd2 a5 21. g4 Bb5 22. Kg3 Rfc8 23. f5 exf5 24. gxf5 axb4 25. axb4 Rxa1 26. Rxa1 h6 27. Qe3 Qc4 28. Rd1 Re8 29. e6 Qc7+ 30. Be5 Qe7 31. Qf4 fxe6 32. f6 gxf6 33. Bxf6 Qf7 34. Kh4 Kh7 35. Rg1 Rg8 36. Rxg8 Qxg8 37. Qc7+ Kg6 38. Be5 Qf7 39. Qxf7+ Kxf7 40. Kh5 Bd3 41. Kxh6 b5 42. h4 Bf5 43. h5 Be4 44. Kg5 Bf3 45. h6 Be4 46. Bd4 Bd3 47. Kf4 Kg6 48. Bg7 Bf5 49. Ke5 Kh7 50. Kd6 Kg6 51.
Kc6 Bd3 52. Kd6 Bf5 53. Ke7 Kh7 54. Kf6 Bg4 55. Ke5 Bf5 56. Kd6 Bg4 57. Kc5 Be2 58. Kd4 Bg4 59. Ke5 Bf5 1/2-1/2

[Event "Early-Titled-Tuesday-Blitz-April-23-2024"]
[Site "Chess.com"]
[Date "2024.04.23"]
[Round "1"]
[White "NikitaShnadrygin"]
[Black "Valio_M1948"]
[Result "1-0"]
[WhiteElo "2685"]
[BlackElo "2374"]
[TimeControl "180+1"]
[EndTime "8:08:43 PDT"]
[Termination "NikitaShnadrygin won by resignation"]

1. e4 b6 2. d4 Bb7 3. Nc3 g6 4. Be3 Bg7 5. Qd2 d6 6. h4 Nf6 7.
f3 h5 8. Nh3 Nbd7 9. Nf4 e5 10.
dxe5 dxe5 11. Nh3 O-O 12. Ng5 Qe7 13. Bc4 Rad8 14. O-O-O a6 15. Qf2 b5 16. Bb3 c5 17.
Nd5 Nxd5 18. Bxd5 Bxd5 19. Rxd5 Rc8 20. Rhd1 Rfd8 21. Qd2 Rc7 22. c4 Bf6 23. Rd6 Kg7 24. Qa5 Rdc8 25. Qxa6 bxc4 26. Qxc4 Nf8 27. g4 hxg4 28.
fxg4 Rb7 29. Nf3 Rb4 30. Qc2 Ne6 31. g5 Bxg5 32. Nxg5 Nd4 33. Bxd4 Qxd6 34. Bc3 Rd4 35. Bxd4 exd4 36. Kb1 c4 37. Qd2 d3 38. Qc3+ f6 39. e5 Qxe5 40. Qxe5 fxe5 41. Ne4 Rf8 42.
Nd6 Rf4 43. a4 Rxh4 44. a5 Rh8 45. Nxc4 e4 46. Re1 Re8 47. Nd6 Re6 48. Nxe4 d2 49.
Rd1 Rxe4 50. Rxd2 Ra4 51. Rd5 Kf6 52. b3 Rb4 53. Kc2 Ke6 54. Rc5 Kd6 55. Rg5 Kc7 56. Rxg6 Rb5 57. a6 Kb8 58. Kc3 Rh5 59. Kc4 Rh4+ 60.
Kb5 Rh3 61. b4 Rh4 62. Ka5 Rh1 63. b5 Rh5 64. Kb6 Rh8 65. Rc6 Rg8 66. Rh6 Rf8 67. Ka5 Ka8 68. Rh5 Rf1 69. Rh7 Rf8 70. Rh5 Rg8 71.
b6 Rg1 72. Rh8+ 1-0

[Event "Early-Titled-Tuesday-Blitz-April-23-2024"]
[Site "Chess.com"]
[Date "2024.04.23"]
[Round "1"]
[White "sergoy"]
[Black "Happy1712Drummer"]
[Result "1-0"]
[WhiteElo "2926"]
[BlackElo "2524"]
[TimeControl "180+1"]
[EndTime "8:08:50 PDT"]
[Termination "sergoy won on time"]

1. d4 d5 2. c4 e6 3. Nf3 a6 4.
cxd5 exd5 5. Nc3 Nf6 6. Bg5 Be6 7. Qb3 Ra7 8. e3 Nbd7 9. Qc2 Bd6 10. Bd3 c6 11. O-O h6 12. Bf4 Qc7 13. Bxd6 Qxd6 14. Na4 O-O 15. Nc5 Rc8 16. h3 a5 17. a3 b6 18. Nxd7 Nxd7 19. Rac1 Rac7 20. Qd2 c5 21. Bb5 c4 22. Rfe1 Nf6 23. Qc2 Ne4 24. Nd2 Bf5 25. Nxe4 Bxe4 26. Qd2 Qg6 27. f4 h5 28.
Ba4 Rb8 29. Bd1 b5 30. Qf2 b4 31. axb4 axb4 32. Bf3 c3 33. bxc3 bxc3 34. Bxe4 Qxe4 35. Re2 Re8 36. Kh2 Rc4 37. Qh4 g6 38. Qf2 Kg7 39. Rcc2 Rec8 40. Qg3 Rb8 41. Rf2 Re8 42. Rfe2 Rb8 43. f5 Re8 44. fxg6 fxg6 45. Qg5 Rc7 46. Qg3 Rc4 47. Qg5 Rc7 48. Rf2 Qxe3 49. Qxd5 Rce7 50. Qd6 Kh7 51. Rf3 Qe4 52. Rcxc3 Qe1 53. Qg3 Qe6 54. Rcd3 Rd8 55. Rfe3 Qf7 56. Rxe7 Qxe7 57. d5 Qd6 58. Qxd6 Rxd6 59. Kg3 Kg7 60. Kf4 Kf6 61. Ke4 g5 62.
Rf3+ Kg6 63. Ke5 Rd8 64. d6 g4 65. hxg4 hxg4 66. Rf1 Kg5 67. Ke6 Kh4 68. Rf2 Kg3 69.
Rd2 Kf4 70. d7 Ke3 71. Ra2 Rh8 72. Kd6 g3 73. Kc7 Rh7 74. Kc8 1-0

[Event "Early-Titled-Tuesday-Blitz-April-23-2024"]
[Site "Chess.com"]
[Date "2024.04.23"]
[Round "1"]
[White "ImportedItalianMaple"]
[Black "Agibileg"]
[Result "0-1"]
[WhiteElo "2458"]
[BlackElo "2810"]
[TimeControl "180+1"]
[EndTime "8:08:50 PDT"]
[Termination "Agibileg won by resignation"]

1. e4 c5 2. Nf3 e6 3. g3 Nc6 4.
Bg2 Nf6 5. Qe2 e5 6. O-O Be7 7.
c3 d6 8. Na3 O-O 9. d3 h6 10.
Nc4 Re8 11. Ne3 Bf8 12. Nh4 g6 13. a4 Bg7 14. b3 Rb8 15. Nd5 Nxd5 16. exd5 Ne7 17.
Qc2 g5 18. Nf3 Bf5 19. Nd2 Bg6 20. Bb2 b6 21. c4 Nf5 22. a5 Nd4 23. Bxd4 cxd4 24.
axb6 axb6 25. Ra7 Re7 26. Rfa1 f5 27. Qa2 e4 28. dxe4 fxe4 29. Bh3 e3 30. Nf3 d3 31. Be6+ Kh7 32. fxe3 Bxa1 33. Qxa1 Qf8 34. Kg2 Be4 35.
Rxe7+ Qxe7 36. Qd4 Bxf3+ 37. Kxf3 Rf8+ 38. Ke4 d2 39. Qxd2 Qf6 40. Kd3 Qf1+ 41. Qe2 Qb1+ 42. Kc3 Rf1 43. g4 Kg7 44. Qd3 Qxd3+ 45. Kxd3 Kf6 46.
b4 Ke5 47. Bf5 Rh1 48. e4 Rxh2 49. c5 dxc5 50. bxc5 bxc5 51. Kc4 Rc2+ 52. Kb5 Kd6 53. Bg6 Rc1 54. Bf5 Rb1+ 55. Kc4 Rb4+ 56. Kc3 Ke5 57. Kd3 Ra4 58. Kc3 Kd6 59. Kd3 Rb4 60. Kc3 Rd4 61. Kb3 c4+ 62. Kc3 Kc5 63. Kc2 Rd3 64. Kb2 Rb3+ 65.
Kc2 Rd3 66. Kb2 Kb4 67. Kc2 Rd4 68. Bg6 c3 0-1

[Event "Early-Titled-Tuesday-Blitz-April-23-2024"]
[Site "Chess.com"]
[Date "2024.04.23"]
[Round "1"]
[White "Orest_Vovk"]
[Black "Prizant_academy"]
[Result "1-0"]
[WhiteElo "2548"]
[BlackElo "2929"]
[TimeControl "180+1"]
[EndTime "8:08:52 PDT"]
[Termination "Orest_Vovk won by resignation"]

1. h4 e5 2. h5 d5 3. h6 Nxh6 4. d4 Nc6 5. Bxh6 gxh6 6. dxe5 Nxe5 7. Nf3 Nxf3+ 8. gxf3 Bg7 9. Nc3 c6 10. Qd3 Be6 11.
Bh3 Qh4 12. Bg2 Qb4 13. O-O-O O-O-O 14. Bh3 Qb6 15. Bxe6+ fxe6 16. Qe3 Qxe3+ 17. fxe3 Rdg8 18. Rdg1 Bf8 19. Nd1 Kd7 20. Nf2 Rg6 21. Ng4 Bg7 22.
Rh5 Rf8 23. Rgh1 Rf5 24. R5h2 Rfg5 25. c3 Bf8 26. Nxh6 Rg1+ 27. Rxg1 Rxg1+ 28. Kd2 Rg7 29. Ng4 Ke7 30. Kd3 Kf7 31. e4 Bd6 32. Rh6 Ke7 33.
e5 Bc7 34. c4 a5 35. cxd5 cxd5 36. e4 dxe4+ 37. Kxe4 Rf7 38. f4 Rg7 39. Nf6 Kf7 40.
Rxh7 Rxh7 41. Nxh7 Bd8 42. Ng5+ Ke7 43. f5 exf5+ 44. Kxf5 Bb6 45. Ne4 a4 46. b3 axb3 47.
axb3 Bd4 48. Nf6 Bb2 49. Nd5+ Kd7 50. Ne3 Ke7 51. Nc4 Bc3 52. Nd6 b6 53. Nc4 b5 54.
Nd6 b4 55. Ne4 Bd4 56. Ng5 Bc3 57. Nf3 Bb2 58. Ke4 Bc3 59. Kd5 Bb2 60. Nd4 Bc3 61.
Nc6+ Kd7 62. e6+ Kc7 63. Kc5 Bd2 64. Nxb4 Be3+ 65. Kd5 Bg5 66. Nd3 Kb6 67. b4 Kb5 68. Kd6 Kc4 69. e7 Bxe7+ 70. Kxe7 1-0

[Event "Early-Titled-Tuesday-Blitz-April-23-2024"]
[Site "Chess.com"]
[Date "2024.04.23"]
[Round "1"]
[White "Aradhya2000"]
[Black "a_kandil"]
[Result "1/2-1/2"]
[WhiteElo "2849"]
[BlackElo "2493"]
[TimeControl "180+1"]
[EndTime "8:08:58 PDT"]
[Termination "Game drawn - insufficient material"]

1. d4 Nf6 2. c4 e6 3. Nf3 Bb4+ 4. Nbd2 d5 5. Qa4+ Nc6 6. e3 O-O 7. a3 Be7 8. b4 a5 9. b5 Nb8 10. c5 Nbd7 11. Qc2 c6 12. Bb2 cxb5 13. Bxb5 Nb8 14.
O-O Bd7 15. Bd3 h6 16. Rab1 Bc6 17. Ne5 Nbd7 18. Ndf3 Qc7 19. Bc3 Rfb8 20. Rb2 Nxe5 21. Nxe5 Nd7 22. Nxc6 bxc6 23. Rfb1 Rxb2 24. Rxb2 e5 25. g3 exd4 26. exd4 Bf6 27. a4 Nf8 28.
Rb6 Nd7 29. Rb1 Nf8 30. Qb2 Ne6 31. Bf5 Ng5 32. h4 Ne4 33. Bxe4 dxe4 34. Re1 Re8 35. Qb6 Qd7 36. Qxa5 Bxd4 37. Qb4 Bxc3 38. Qxc3 Qd5 39. a5 Qa2 40. f3 Ra8 41. Rxe4 Qxa5 42. Re8+ Kh7 43.
Qd3+ g6 44. Rxa8 Qxa8 45. Qd4 Qe8 46. Kf2 Qe6 47. g4 Qa2+ 48. Kg3 Qe6 49. Qd6 Qe1+ 50. Kf4 Qc1+ 51. Ke4 Qe1+ 52. Kf4 Qc1+ 53. Ke5 Qe3+ 54. Kf6 Qxf3+ 55. Ke7 Qxg4 56. Kxf7 Qf5+ 57. Ke7 g5 58. hxg5 hxg5 59. Qxc6 g4 60. Qh1+ Kg6 61. c6 Qf7+ 62. Kd6 g3 63. Qe4+ Kg5 64. Qe3+ Qf4+ 65.
Qxf4+ Kxf4 66. c7 g2 67. c8=Q g1=Q 68. Qc4+ Kf3 69. Qd3+ Qe3 70. Qf1+ Qf2 71. Qh3+ Qg3+ 72. Qxg3+ Kxg3 1/2-1/2

[Event "Early-Titled-Tuesday-Blitz-April-23-2024"]
[Site "Chess.com"]
[Date "2024.04.23"]
[Round "1"]
[White "zverr1"]
[Black "PepeCuenca"]
[Result "1-0"]
[WhiteElo "2493"]
[BlackElo "2819"]
[TimeControl "180+1"]
[EndTime "8:09:00 PDT"]
[Termination "zverr1 won by resignation"]

1. e4 c5 2. Nf3 Nc6 3. d4 cxd4 4. Nxd4 e5 5. Nb5 d6 6. N1c3 a6 7. Na3 Be7 8. Nd5 Nf6 9. Nxf6+ Bxf6 10. Nc4 O-O 11. Ne3 Bg5 12. Nd5 Be6 13. Be2 Bxc1 14. Rxc1 Bxd5 15. Qxd5 Qb6 16. O-O Qxb2 17. Rb1 Qxc2 18.
Rxb7 Nd4 19. Bc4 Rac8 20. Bb3 Qd3 21. Rd1 Qe2 22. Rxf7 Kh8 23. Rxf8+ Rxf8 24. Rf1 Qg4 25. Qxd6 Qf4 26. Kh1 h6 27. f3 Qf6 28. Qxf6 Rxf6 29. Rc1 Rc6 30. Rxc6 Nxc6 31. Kg1 g5 32. Kf2 Kg7 33.
Ke3 Kf6 34. g3 Ke7 35. f4 Kd6 36. fxg5 hxg5 37. h4 gxh4 38. gxh4 Ke7 39. Kf3 Kf6 40. Kg4 Ne7 41. Bd5 Nc8 42. h5 Nd6 43. a3 a5 44.
a4 Nc8 45. h6 Kg6 46. h7 Kxh7 47. Kf5 Nb6 48. Bc6 Nc4 49. Bb5 Nb6 50. Kxe5 Kg7 51.
Kd6 Kf8 52. e5 Nc8+ 53. Kc7 Ne7 54. Kb6 Ng6 55. e6 Ke7 56. Bc4 Ne5 57. Ba2 Kd6 58.
Kxa5 Nc6+ 59. Kb6 Nb4 60. Bb3 Nd3 61. a5 Nc5 62. Bc4 Na4+ 63. Kb7 Nc5+ 64. Kb8 Ke7 65.
Kc7 Ne4 66. Kb6 Nd6 67. Bd5 Nc8+ 68. Kc7 Nd6 69. a6 Nb5+ 70. Kb6 Nd6 71. a7 Nc8+ 72. Kb7 Nxa7 73. Kxa7 Kd6 74. Ba2 Ke7 75. Kb6 Kd6 76. Kb5 Ke7 77. Kc5 Kd8 78. Kd6 Ke8 79. Bb3 Kf8 80.
e7+ Ke8 81. Ba4+ Kf7 82. e8=Q+ 1-0

[Event "Early-Titled-Tuesday-Blitz-April-23-2024"]
[Site "Chess.com"]
[Date "2024.04.23"]
[Round "1"]
[White "Kotofeyca"]
[Black "bascheyaro"]
[Result "1/2-1/2"]
[WhiteElo "2480"]
[BlackElo "2816"]
[TimeControl "180+1"]
[EndTime "8:09:07 PDT"]
[Termination "Game drawn - insufficient material"]

1. d4 d5 2. c4 c6 3. cxd5 cxd5 4.
Nc3 Nf6 5. Bf4 Nc6 6. e3 a6 7.
Nf3 Bf5 8. Ne5 Rc8 9. Qa4 Qb6 10. Nxc6 Rxc6 11. Qb3 e6 12. Qxb6 Rxb6 13. O-O-O Ne4 14.
Nxe4 Bxe4 15. Bd3 Bxg2 16. Rhg1 Bf3 17. Rd2 Rc6+ 18. Rc2 Rxc2+ 19. Kxc2 Kd7 20. Kb3 Bh5 21. Rc1 Bd6 22. Bxd6 Kxd6 23. Kb4 Bg6 24. Be2 Kd7 25. Ka5 Rc8 26. Rxc8 Kxc8 27. Kb6 Bb1 28. a4 Bc2 29. a5 Ba4 30. b4 Bd7 31. f4 f6 32. Bd3 g6 33. h4 Be8 34. Bc2 h6 35. Bd1 Bc6 36. Bg4 Kd7 37. Be2 Kd6 38. Bd3 g5 39.
fxg5 fxg5 40. hxg5 hxg5 41. Be2 Kd7 42. Bg4 Ke7 43.
Bh3 Kd6 44. Bg4 e5 45. Bh3 e4 46. Bg4 Bd7 47. Be2 Bc8 48. Bf1 g4 49. Bg2 g3 50.
Bf1 Kd7 51. Bh3+ Ke7 52. Bg2 Kd6 53. Bf1 Ke7 54. Kc7 Bd7 55. Kxb7 Bb5 56. Bh3 Kf6 57. Kb6 Bc4 58. Kc5 Kg5 59. Bg2 Kg4 60. Kd6 Be2 61.
Kxd5 Bf3 62. Bf1 Bd1 63. b5 Bb3+ 64. Kxe4 axb5 65. a6 Bd1 66. Ke5 Bf3 67. a7 Bb7 68. e4 Kf3 69. d5 b4 70. Bh3 b3 71. d6 b2 72. d7 b1=Q 73. d8=Q Qb2+ 74. Ke6 Qb3+ 75.
Ke7 Qb4+ 76. Qd6 Qxe4+ 77. Qe6 Kf2 78. Qxe4 Bxe4 79. Kd6 Bf3 80. Kc7 Ke3 81. Kb8 Kf2 82. a8=Q Bxa8 83. Kxa8 Kg1 84. Kb7 Kh2 85. Bf1 Kh1 86.
Bh3 Kg1 87. Kc6 Kf2 88. Kd5 Kf3 89. Ke5 Ke3 90. Kf5 g2 91. Bxg2 1/2-1/2

[Event "Early-Titled-Tuesday-Blitz-April-23-2024"]
[Site "Chess.com"]
[Date "2024.04.23"]
[Round "1"]
[White "AlexanderKing"]
[Black "Aragon"]
[Result "1-0"]
[WhiteElo "2589"]
[BlackElo "2091"]
[TimeControl "180+1"]
[EndTime "8:09:08 PDT"]
[Termination "AlexanderKing won on time"]

1. g3 d5 2. Nf3 b5 3. Bg2 Bb7 4. O-O a6 5. d3 c5 6. Nbd2 Nf6 7. Qe1 Qa5 8. e4 e6 9. Qe2 Be7 10. Re1 O-O 11. e5 Nfd7 12. Nf1 Nc6 13. c3 Rac8 14.
h4 Rfd8 15. h5 h6 16. N1h2 b4 17. Bd2 bxc3 18. bxc3 Qa4 19. Ng4 Qxg4 20. Rab1 Ba8 21. Kh2 Qxh5+ 22. Kg1 Bf8 23. Bf4 g5 24. Bd2 g4 25. Nh2 Ncxe5 26. d4 Nc4 27. Bf4 Nf6 28. Be5 Nxe5 29. dxe5 Ne4 30. Nxg4 Qg6 31. f3 Nxc3 32. Nf6+ Kh8 33. Qf1 Nxb1 34. Rxb1 d4 35. g4 Bg7 36. Nh5 Bxe5 37. Re1 Bg7 38. Qxa6 d3 39. Nf4 Bd4+ 40.
Kh2 Qh7 41. Nxd3 Rc6 42. Qc4 Rcd6 43. Nf4 Bd5 44. Qc1 Be3 45. Qxe3 Bxa2 46. Qxc5 Rd2 47. Nh5 Qg6 48. Qe5+ Kg8 49. Nf6+ Kf8 50. Qc5+ Kg7 51. Qe5 Qg5 52. Nh5+ Kf8 53. Qe3 Qxe3 54. Rxe3 Rc2 55. Kg3 Rdd2 56. Bf1 Bd5 57. Nf4 Bc6 58. Ra3 Rf2 59.
Bh3 Rfd2 60. Nh5 Ra2 61. Re3 Bd5 62. Rc3 Ke7 63. Nf4 Kd6 64. Re3 Rd4 65. Bf1 Ra1 66.
Bh3 Rd2 67. Rc3 Raa2 68. Re3 e5 69. Nh5 e4 70. fxe4 Be6 71. Nf4 Ra1 72. e5+ Ke7 73. Bg2 Rad1 74. Rc3 Rd4 75. Rc7+ Kd8 76. Ra7 Rc4 77.
Bf3 Kc8 78. Ne2 Rd2 79. Ra8+ Kc7 80. Nf4 Rc3 81. Ra7+ Kb6 82. Rb7+ Ka6 83. Rb8 Ra2 84. Ra8+ Kb6 85. Rxa2 1-0

[Event "Early-Titled-Tuesday-Blitz-April-23-2024"]
[Site "Chess.com"]
[Date "2024.04.23"]
[Round "1"]
[White "sofaceindisguise"]
[Black "semchik90"]
[Result "1-0"]
[WhiteElo "2686"]
[BlackElo "2377"]
[TimeControl "180+1"]
[EndTime "8:09:12 PDT"]
[Termination "sofaceindisguise won by checkmate"]

1. e4 Nf6 2. e5 Nd5 3. Nc3 e6 4. Nxd5 exd5 5. Nf3 d6 6. d4 dxe5 7. Nxe5 Bd6 8. Bd3 O-O 9. O-O c5 10. c3 Nc6 11. Nxc6 bxc6 12. Qh5 g6 13. Qh6 cxd4 14. cxd4 Re8 15. Bg5 Be7 16. Bxe7 Qxe7 17. Qf4 Be6 18. Rac1 Rab8 19. b3 Rec8 20. h4 Rb4 21. h5 c5 22.
h6 Rxd4 23. Qe5 f6 24. Qe3 Kf7 25. Rfe1 Qd6 26. Bf1 Re4 27. Qc3 d4 28. Qa5 Rxe1 29.
Rxe1 Qb6 30. Qd2 Qd6 31. Bd3 Bd5 32. Qa5 Qc7 33. Qa6 Rd8 34. Bc4 Qb6 35. Bxd5+ Rxd5 36. Qc8 Rd8 37. Qg4 Re8 38. Rc1 f5 39. Qf3 Re4 40.
Qd3 Qd6 41. Qc4+ Kf6 42. Qg8 Kg5 43. Qxh7 Qf4 44. Rf1 d3 45. Qh8 d2 46. h7 Qc7 47.
Qc3 Rh4 48. Qxd2+ Kf6 49. g3 Rxh7 50. Re1 Rd7 51. Qc3+ Rd4 52. Qe3 Qd6 53. Qh6 Rd1 54.
Qh8+ Kf7 55. Qe8+ Kf6 56. Qh8+ Kf7 57. Qh7+ Kf6 58. Qh4+ Kf7 59. Qc4+ Kg7 60. Qc3+ Kf7 61. Rxd1 Qxd1+ 62. Kh2 Qh5+ 63. Kg2 f4 64. Qc4+ Ke7 65.
Qxf4 Qd5+ 66. Qf3 Qd2 67. Qe3+ Qxe3 68. fxe3 Ke6 69. Kf3 Ke5 70. e4 g5 71. Ke3 g4 72.
Kd3 a6 73. a3 a5 74. Ke3 a4 75.
bxa4 c4 76. a5 c3 77. a6 c2 78. Kd2 Kxe4 79. a7 Kf3 80. a8=Q+ Kxg3 81. Kxc2 Kh2 82.
a4 g3 83. a5 g2 84. Qxg2+ Kxg2 85. a6 Kf2 86. a7 Kg1 87. a8=Q Kh2 88. Qg8 Kh3 89. Kd2 Kh4 90. Ke2 Kh5 91. Kf3 Kh4 92. Qg4# 1-0

[Event "Early-Titled-Tuesday-Blitz-April-23-2024"]
[Site "Chess.com"]
[Date "2024.04.23"]
[Round "1"]
[White "KononenkoD"]
[Black "PawnEatingZombie"]
[Result "1-0"]
[WhiteElo "2615"]
[BlackElo "2237"]
[TimeControl "180+1"]
[EndTime "8:09:15 PDT"]
[Termination "KononenkoD won on time"]

1. e4 c5 2. Nf3 Nc6 3. d4 cxd4 4.
Nxd4 e5 5. Nb5 d6 6. c4 Be6 7.
Be2 a6 8. N5c3 g6 9. O-O Bg7 10. Nd5 Nf6 11. Nbc3 O-O 12. Bg5 Nd4 13. Kh1 Bxd5 14.
Nxd5 Ne6 15. Bxf6 Bxf6 16. Bg4 Nd4 17. f4 exf4 18. Rxf4 Bg7 19. Qf1 Ne6 20. Rf2 Qh4 21. Bf3 Be5 22. g3 Bxg3 23. Rg2 Be5 24. Qe1 Qxe1+ 25.
Rxe1 Nf4 26. Nxf4 Bxf4 27. Rd1 Be5 28. b3 Rac8 29. Be2 b6 30. Bd3 a5 31. Be2 Kg7 32.
Rd3 f6 33. Kg1 Rcd8 34. Kf1 Kf7 35. Ke1 Ke7 36. Kd2 Rg8 37. Rh3 Rg7 38. Bd3 Rh8 39. Kc2 h5 40. a3 g5 41. b4 axb4 42. axb4 h4 43. Kb3 g4 44. Re3 h3 45. Ra2 Rd8 46.
c5 bxc5 47. Bb5 c4+ 48. Kxc4 Rc8+ 49. Kd5 Rc7 50. Ra8 g3 51. hxg3 h2 52. Re1 Rh7 53.
Rh1 Bxg3 54. Re8+ Kf7 55. Re6 Rh5+ 56. e5 Bxe5 57. Be8+ Kf8 58. Bxh5 Rc2 59. Re8+ Kg7 60. Bf3 Rf2 61. Be4 Rd2+ 62. Ke6 Re2 63. Bd5 Kh6 64. Kf7 Kg5 65. Rg8+ Kf4 66. Be6 Ke3 67. b5 Rb2 68. Rb8 Kf2 69. Bd5 f5 70. b6 f4 71. b7 f3 72. Rh8 Rxb7+ 73. Bxb7 Ke3 74. R8xh2 Bxh2 75. Rxh2 f2 76. Ba6 d5 77. Rh3+ Kf4 78. Rh5 d4 79.
Rd5 Ke3 80. Ke6 1-0

[Event "Early-Titled-Tuesday-Blitz-April-23-2024"]
[Site "Chess.com"]
[Date "2024.04.23"]
[Round "1"]
[White "chesslh93"]
[Black "Andrey_Klymchuk"]
[Result "1/2-1/2"]
[WhiteElo "2387"]
[BlackElo "2682"]
[TimeControl "180+1"]
[EndTime "8:09:19 PDT"]
[Termination "Game drawn by repetition"]

1. e4 c5 2. Nf3 Nc6 3. d4 cxd4 4. Nxd4 g6 5. Nc3 Bg7 6. Be3 Nf6 7. Bc4 Qa5 8. O-O d6 9. h3 O-O 10. Bb3 Bd7 11.
Re1 Qh5 12. Qxh5 Nxh5 13. Rad1 Nf6 14. Nd5 Nxd5 15. exd5 Na5 16. Bg5 Bf6 17. Bxf6 exf6 18. Re7 Rfd8 19. Re3 Rac8 20. c3 b5 21. Rde1 Rc5 22.
Ne2 Kf8 23. Nf4 Re8 24. Rxe8+ Bxe8 25. Rd1 Bd7 26. Nd3 Rc8 27. Nf4 h5 28. h4 Re8 29. f3 Re5 30. Kf2 Bf5 31. Nd3 Re7 32. Nc1 g5 33. g3 Nb7 34. Ne2 Nc5 35. Nd4 Bd7 36. Bc2 a5 37. a3 Re8 38. Bf5 Rb8 39. Bxd7 Nxd7 40. Nc6 Ra8 41. Re1 Nb6 42. Nd4 b4 43. axb4 axb4 44. cxb4 Nxd5 45. b5 Ra4 46. Nc6 gxh4 47. gxh4 Rxh4 48. Rd1 Nb6 49. Rxd6 Rh2+ 50. Kg3 Rxb2 51. Rd8+ Kg7 52. Rb8 Rxb5 53. Nd8 Rg5+ 54. Kf2 Nd7 55. Rb7 Rd5 56. Ke3 Kg6 57. Ke2 Nc5 58.
Rb5 Rxd8 59. Rxc5 h4 60. Kf2 f5 61. Kg2 Kg5 62. Kh3 Rd3 63. Kg2 Kf4 64. Rc4+ Ke3 65. Rxh4 Rd2+ 66. Kg3 f4+ 67. Kg4 Rg2+ 68. Kf5 Kxf3 69.
Rxf4+ Ke3 70. Ra4 Rf2+ 71. Kg4 f5+ 72. Kg3 f4+ 73. Kh3 Rf1 74. Ra3+ Ke4 75. Kg2 Rb1 76. Rc3 Kf5 77. Kf2 Kg4 78. Ra3 Rb2+ 79. Kf1 Rc2 80.
Kg1 f3 81. Ra8 Kg3 82. Rg8+ Kf4 83. Rf8+ Ke3 84. Re8+ Kf4 85. Rf8+ Ke3 86. Re8+ Kf4 87. Rf8+ 1/2-1/2

[Event "Early-Titled-Tuesday-Blitz-April-23-2024"]
[Site "Chess.com"]
[Date "2024.04.23"]
[Round "1"]
[White "mbojan"]
[Black "Ramla2020"]
[Result "1-0"]
[WhiteElo "2907"]
[BlackElo "2513"]
[TimeControl "180+1"]
[EndTime "8:09:26 PDT"]
[Termination "mbojan won by checkmate"]

1. a3 e5 2. e3 Nf6 3. d4 exd4 4.
exd4 d5 5. Bd3 Bd6 6. Ne2 h6 7. Nbc3 O-O 8. O-O c6 9. Bf4 Qc7 10. Qd2 Bg4 11. f3 Bh5 12. Bxd6 Qxd6 13. Nf4 g5 14. Nxh5 Nxh5 15. Ne2 Nd7 16. f4 f6 17.
Bg6 Ng7 18. f5 Rfd8 19. Rae1 Nf8 20. Ng3 Nxg6 21. fxg6 Re8 22. Rxe8+ Rxe8 23. Qf2 Re6 24. c3 Qe7 25. Qf3 b6 26. h3 Re1 27. Kh2 Rxf1 28.
Nxf1 f5 29. Ne3 Qd6+ 30. Kh1 Qxg6 31. c4 f4 32. Ng4 h5 33. Ne5 Qe4 34. Qxe4 dxe4 35.
Nxc6 Nf5 36. Kg1 g4 37. hxg4 hxg4 38. c5 e3 39. Ne5 Nxd4 40. c6 Ne6 41. Nxg4 Kf7 42. g3 Ke7 43. gxf4 Nxf4 44. Nxe3 Kd6 45. Nd1 Kxc6 46. Kf2 Kd5 47. Ke3 Ng2+ 48. Kd3 Nf4+ 49. Kc3 Ne2+ 50. Kb4 Kc6 51. Ne3 a5+ 52. Kc4 b5+ 53. Kd3 Nf4+ 54. Ke4 Ne6 55. Ke5 Nc5 56. Kd4 Ne6+ 57. Kc3 Nc5 58. Nf5 Na4+ 59. Kc2 Kc5 60. b3 Nb6 61. Kd3 b4 62. a4 Nd5 63. Ng3 Nf4+ 64. Ke4 Nd5 65. Ke5 Ne3 66. Ne4+ Kb6 67. Kd4 Nc2+ 68. Kc4 Ne3+ 69. Kd4 Nc2+ 70. Kd5 Na1 71.
Nc5 Nc2 72. Nd7+ Ka6 73. Ke5 Na1 74. Nc5+ Kb6 75. Kd6 Nc2 76. Nd7+ Ka6 77. Kd5 Ne3+ 78. Kc6 Nc2 79. Nc5+ Ka7 80. Kb5 Kb8 81. Kxa5 Ka7 82. Nd3 Nd4 83. Kxb4 Nc6+ 84. Kc5 Na5 85. b4 Nb3+ 86.
Kc4 Nd2+ 87. Kb5 Nb3 88. Nc5 Nd4+ 89. Kc4 Nc6 90. a5 Ne5+ 91. Kd5 Nd3 92. Nxd3 Ka6 93. Kc6 Ka7 94. b5 Kb8 95. b6 Ka8 96. a6 Kb8 97. Nc5 Ka8 98. b7+ Kb8 99. Nd7+ Ka7 100. b8=Q+ Kxa6 101. Qb6# 1-0

[Event "Early-Titled-Tuesday-Blitz-April-23-2024"]
[Site "Chess.com"]
[Date "2024.04.23"]
[Round "1"]
[White "eljanov"]
[Black "tomesao"]
[Result "1/2-1/2"]
[WhiteElo "2891"]
[BlackElo "2516"]
[TimeControl "180+1"]
[EndTime "8:09:29 PDT"]
[Termination "Game drawn by repetition"]

1. e4 c6 2. d4 d5 3. exd5 cxd5 4. Nf3 Nc6 5. c3 Nf6 6. Ne5 e6 7. Bb5 Bd7 8. Nxd7 Qxd7 9. Nd2 a6 10. Bd3 Bd6 11. O-O O-O 12. Re1 Rfe8 13. Nf3 h6 14. Ne5 Qc7 15. Qe2 b5 16. Bd2 Na5 17. Rad1 Nc4 18. Bc1 Rab8 19. b3 Nb6 20. Bd2 Nbd7 21. h3 Nf8 22. b4 N8d7 23. a4 bxa4 24. Bxa6 Ne4 25. Bb5 Bxe5 26. dxe5 Rec8 27. c4 Nxe5 28. c5 Nxd2 29. Rxd2 Nc6 30. Rb1 a3 31. Qd3 Ra8 32.
Ba6 Ne5 33. Qe2 Rcb8 34. b5 Nc4 35. b6 Qxc5 36. Bxc4 Qxc4 37. Qxc4 dxc4 38. Ra2 Ra6 39. b7 Ra7 40. Rb4 Raxb7 41. Rxc4 Rb1+ 42. Kh2 R8b3 43. Ra4 R1b2 44. R2xa3 Rxa3 45. Rxa3 Rxf2 46. Kg3 Rc2 47. Ra8+ Kh7 48. Ra4 Kg6 49. Rg4+ Kf6 50. Rf4+ Ke7 51.
Ra4 g6 52. h4 Rc3+ 53. Kf2 Rc7 54. g4 Kf6 55. Rf4+ Kg7 56. Kf3 Rd7 57. Ra4 Re7 58.
g5 hxg5 59. hxg5 Rc7 60. Ra5 Rd7 61. Ra1 Rd3+ 62. Kf4 Rd4+ 63. Kf3 Rd5 64. Rg1 Rf5+ 65. Ke4 Kf8 66. Rg2 Ke7 67. Rg1 Ra5 68. Rg2 f6 69. gxf6+ Kxf6 70. Rf2+ Rf5 71. Ra2 g5 72. Rg2 Rf4+ 73. Ke3 Kf5 74. Ra2 Re4+ 75. Kf3 g4+ 76. Kg3 Re3+ 77. Kf2 Rf3+ 78. Kg2 e5 79. Ra8 Ke4 80.
Rg8 Rf4 81. Kg3 Ke3 82. Ra8 Ke4 83. Ra4+ Kf5 84. Ra8 Rf3+ 85. Kg2 e4 86. Rf8+ Ke5 87. Re8+ Kf4 88. Rf8+ Ke3 89. Ra8 Kf4 90. Rf8+ Ke3 91. Ra8 Rf2+ 92. Kg3 Rf3+ 93. Kg2 1/2-1/2

[Event "Early-Titled-Tuesday-Blitz-April-23-2024"]
[Site "Chess.com"]
[Date "2024.04.23"]
[Round "1"]
[White "zsizsi99"]
[Black "carokannlover213"]
[Result "0-1"]
[WhiteElo "2470"]
[BlackElo "2816"]
[TimeControl "180+1"]
[EndTime "8:09:29 PDT"]
[Termination "carokannlover213 won on time"]

1. e4 e6 2. d4 d5 3. Nd2 Be7 4.
c3 c5 5. dxc5 Nf6 6. exd5 Qxd5 7. Ngf3 Bxc5 8. Bc4 Qd8 9. O-O O-O 10. Qe2 Qc7 11. Ne4 Be7 12. Nxf6+ Bxf6 13. Qe4 Nd7 14. Ng5 Bxg5 15. Bxg5 Qe5 16. Qxe5 Nxe5 17. Be2 Bd7 18. Rfd1 Bc6 19. Be7 Rfe8 20. Bd6 Ng6 21. Rd2 Nh4 22. f3 Nf5 23. Bc5 e5 24. b4 b6 25. Bf2 e4 26.
fxe4 Bxe4 27. Bb5 Rec8 28. c4 a6 29. Bd7 Rxc4 30. Re1 g6 31. Rxe4 Rxe4 32. Bc6 Rae8 33. Bxe8 Rxe8 34. Bxb6 Re1+ 35. Kf2 Rb1 36. Bc5 h5 37. g3 Nh6 38. a4 Ng4+ 39. Kg2 Kg7 40. a5 g5 41. h3 Nh6 42. Rd6 Rb2+ 43. Kf3 Rb3+ 44. Kf2 Nf5 45. Rxa6 Nxg3 46. Rd6 Ne4+ 47. Kg2 Nxd6 48. Bxd6 Ra3 49. Bc7 Rb3 50. Bd6 Kf6 51.
a6 Ke6 52. a7 Ra3 53. Bc5 Kd5 54. Be3 Kc4 55. Bxg5 Rxa7 56. Kg3 Kxb4 57. Kh4 Kc4 58.
Kxh5 Kd5 59. Kg4 Ra4+ 60. Kg3 Ke6 61. h4 Kf5 62. Be7 Rc4 63. Bd8 Rc3+ 64. Kg2 Rb3 65.
Be7 Kf4 66. Bd6+ Kg4 67. Be7 Rb2+ 68. Kf1 Rc2 69. Bf6 Kf3 70. Ke1 Re2+ 71. Kf1 Re6 72. Bg5 f5 73. h5 Kg4 74. Bd2 Kxh5 75. Kf2 Kg4 76. Bc3 Re4 77. Bd2 Ra4 78. Be3 Ra6 79.
Bd2 Ra8 80. Be3 Rc8 81. Bd4 f4 82. Be5 Rc6 83. Bd4 Rc2+ 84. Kf1 Ra2 85. Bc3 Kf3 86.
Bd4 Rc2 87. Ke1 Rc1+ 88. Kd2 Rh1 89. Be5 Rh3 90. Ke1 Ke3 91. Kf1 f3 92. Kg1 f2+ 93. Kg2 Rh1 94. Kxh1 f1=Q+ 95. Kh2 Kf3 96. Bd4 Qe2+ 0-1